[Event "4NCL Div 1 2024-25"]
[Site "England"]
[Date "2025.02.16"]
[Round "6.1"]
[White "Royal, Shreyas"]
[Black "Palliser, Richard J D"]
[Result "1-0"]
[Annotator "ChessBase"]
[ECO "E27"]
[WhiteElo "2520"]
[BlackElo "2369"]
[PlyCount "89"]
[EventDate "2024.11.23"]
[EventType "team-tourn"]
[EventCountry "ENG"]
[SourceTitle "playchess.com"]
[Source "ChessBase"]
[SourceQuality "1"]
[TimeControl "40/6000+30:3000+30"]

1. d4 Nf6 2. c4 e6 3. Nc3 Bb4 4. f3 O-O 5. a3 Bxc3+ 6. bxc3 Ne8 7. e4 b6 8. Bd3 Nc6 9. a4 Ba6 10. Ba3 d6 11. Nh3 Na5 12. Qe2 c5 13. d5 exd5 14. cxd5 Bxd3 15. Qxd3 Qh4+ 16. Nf2 f5 17. O-O Nf6 18. Rae1 fxe4 19. Nxe4 Rae8 20. g3 Qh5 21. Nxf6+ Rxf6 22. Kg2 Rff8 23. f4 Qg6 24. Qxg6 hxg6 25. Re6 Rxe6 26. dxe6 Rf6 27. Re1 Kf8 28. e7+ Ke8 29. Kf2 Rf7 30. Re6 Rxe7 31. Rxg6 Kf7 32. f5 Re4 33. Bc1 Rxa4 34. Rxd6 Nc4 35. Rd7+ Kf6 36. g4 Ra2+ 37. Kg3 Rc2 38. Bf4 Rxc3+ 39. Kh4 Ne3 40. Bg5+ Ke5 41. Bxe3 Rxe3 42. Rxg7 Kf6 43. Rxa7 c4 44. Rc7 b5 45. Rc6+ 1-0

[Event "4NCL Div 1 2024-25"]
[Site "England"]
[Date "2025.02.16"]
[Round "6.1"]
[White "Harvey, Marcus R"]
[Black "Lagarde, Maxime"]
[Result "0-1"]
[Annotator "ChessBase"]
[ECO "A22"]
[WhiteElo "2491"]
[BlackElo "2604"]
[PlyCount "134"]
[EventDate "2024.11.23"]
[EventType "team-tourn"]
[EventCountry "ENG"]
[SourceTitle "playchess.com"]
[Source "ChessBase"]
[SourceQuality "1"]
[TimeControl "40/6000+30:3000+30"]

1. c4 e5 2. Nc3 Nf6 3. g3 Bb4 4. Bg2 O-O 5. Nf3 Re8 6. O-O c6 7. d3 h6 8. Qb3 a5 9. a3 Bc5 10. Nd2 d6 11. Nde4 Nbd7 12. Qc2 Nxe4 13. Nxe4 a4 14. Be3 Bxe3 15. fxe3 Nc5 16. Nxc5 dxc5 17. Rf2 Be6 18. Raf1 Qg5 19. Qc1 Rf8 20. Be4 f5 21. Bg2 Rf6 22. e4 f4 23. gxf4 exf4 24. e3 fxe3 25. Rxf6 Bh3 26. Qc2 gxf6 27. Kh1 Bg4 28. Bf3 Kf7 29. Qe2 Rg8 30. Bxg4 Qxg4 31. Qxg4 Rxg4 32. Rf3 e2 33. Re3 Rf4 34. Kg2 Rf1 35. Rxe2 Rd1 36. e5 Rxd3 37. Rf2 f5 38. Rxf5+ Ke6 39. Rh5 Rb3 40. Kf2 Rxb2+ 41. Ke3 Rc2 42. Kd3 Rg2 43. Rxh6+ Kxe5 44. Rh5+ Kd6 45. Rh7 b5 46. Rh6+ Kc7 47. cxb5 cxb5 48. h4 Kb7 49. h5 Rh2 50. Ke4 b4 51. Rg6 b3 52. h6 Rh1 53. Rg2 Kc6 54. Kd3 Rxh6 55. Kc3 Kb5 56. Kb2 Rh3 57. Kc1 c4 58. Kb1 c3 59. Rg5+ Kc4 60. Rg4+ Kd5 61. Rg1 Rh2 62. Rg5+ Ke4 63. Rg4+ Kf5 64. Rg1 Rb2+ 65. Kc1 Ra2 66. Rf1+ Ke6 67. Re1+ Kd7 0-1

[Event "4NCL Div 1 2024-25"]
[Site "England"]
[Date "2025.02.16"]
[Round "6.2"]
[White "Camacho Collados, Marcos"]
[Black "Erdos, Viktor"]
[Result "1/2-1/2"]
[Annotator "ChessBase"]
[ECO "A49"]
[WhiteElo "2459"]
[BlackElo "2533"]
[PlyCount "34"]
[EventDate "2024.11.23"]
[EventType "team-tourn"]
[EventCountry "ENG"]
[SourceTitle "playchess.com"]
[Source "ChessBase"]
[SourceQuality "1"]
[TimeControl "40/6000+30:3000+30"]

1. Nf3 Nf6 2. g3 g6 3. b3 Bg7 4. Bb2 d6 5. d4 c5 6. Bg2 cxd4 7. Nxd4 d5 8. c4 dxc4 9. bxc4 O-O 10. O-O Qb6 11. Qb3 Nfd7 12. Rd1 Nc6 13. e3 Na5 14. Qxb6 axb6 15. Nd2 Ne5 16. Bf1 Bd7 17. Rab1 Rfc8 1/2-1/2

[Event "4NCL Div 1 2024-25"]
[Site "England"]
[Date "2025.02.16"]
[Round "6.2"]
[White "Pert, Richard G"]
[Black "Speelman, Jon S"]
[Result "1/2-1/2"]
[Annotator "ChessBase"]
[ECO "A41"]
[WhiteElo "2399"]
[BlackElo "2499"]
[PlyCount "40"]
[EventDate "2024.11.23"]
[EventType "team-tourn"]
[EventCountry "ENG"]
[SourceTitle "playchess.com"]
[Source "ChessBase"]
[SourceQuality "1"]
[TimeControl "40/6000+30:3000+30"]

1. d4 Nf6 2. Nf3 d6 3. Nc3 Bg4 4. e4 e6 5. h3 Bh5 6. Qe2 c6 7. g4 Bg6 8. h4 h5 9. g5 Nfd7 10. Bh3 Be7 11. Bf4 O-O 12. Bg3 d5 13. a3 Re8 14. O-O Na6 15. Rfe1 Nc7 16. Rad1 a6 17. Ne5 Nxe5 18. dxe5 Nb5 19. Nxb5 axb5 20. exd5 cxd5 1/2-1/2

[Event "4NCL Div 1 2024-25"]
[Site "England"]
[Date "2025.02.16"]
[Round "6.3"]
[White "Kantor, Gergely"]
[Black "Navrotescu, Andreea"]
[Result "1-0"]
[Annotator "ChessBase"]
[ECO "E28"]
[WhiteElo "2558"]
[BlackElo "2338"]
[PlyCount "101"]
[EventDate "2024.11.23"]
[EventType "team-tourn"]
[EventCountry "ENG"]
[SourceTitle "playchess.com"]
[Source "ChessBase"]
[SourceQuality "1"]
[TimeControl "40/6000+30:3000+30"]

1. d4 Nf6 2. c4 e6 3. Nc3 Bb4 4. e3 O-O 5. a3 Bxc3+ 6. bxc3 b6 7. Bd3 Bb7 8. f3 c5 9. e4 h6 10. Nh3 Nc6 11. Be3 d6 12. O-O e5 13. d5 Ne7 14. a4 Bc8 15. Nf2 a5 16. g3 Nh7 17. f4 f6 18. f5 Bd7 19. h4 Ra7 20. Ra2 Nc8 21. g4 Kf7 22. Nh3 Rh8 23. Rg2 Qe8 24. g5 Bxa4 25. Qb1 hxg5 26. hxg5 Nf8 27. Rf3 Bd7 28. g6+ Ke7 29. Ng5 Ba4 30. Nf7 Rh5 31. Be2 Kd7 32. Bf2 Kc7 33. Re3 Rg5 34. Nxg5 fxg5 35. Rh3 Nd7 36. Rh7 Qe7 37. Qa2 b5 38. cxb5 Ncb6 39. Be3 Nf6 40. Bxg5 c4 41. Bxc4 Bd1 42. Be2 Bxe2 43. Rxe2 a4 44. c4 Ra8 45. Reh2 Nbd7 46. Rh8 Ra7 47. Be3 Nxe4 48. b6+ Nxb6 49. Bxb6+ Kxb6 50. Qb1+ Kc7 51. Qb8+ 1-0

[Event "4NCL Div 1 2024-25"]
[Site "England"]
[Date "2025.02.16"]
[Round "6.3"]
[White "Murphy, Conor E"]
[Black "Kirk, Ezra"]
[Result "0-1"]
[Annotator "ChessBase"]
[ECO "B50"]
[WhiteElo "2444"]
[BlackElo "2386"]
[PlyCount "118"]
[EventDate "2024.11.23"]
[EventType "team-tourn"]
[EventCountry "ENG"]
[SourceTitle "playchess.com"]
[Source "ChessBase"]
[SourceQuality "1"]
[TimeControl "40/6000+30:3000+30"]

1. e4 c5 2. Nf3 d6 3. Bc4 Nf6 4. d3 e6 5. O-O Be7 6. Re1 Nbd7 7. c3 O-O 8. Bb3 b5 9. a4 b4 10. Nbd2 Bb7 11. Nf1 a5 12. Ng3 Rc8 13. Bf4 Re8 14. Bc2 Bf8 15. h4 e5 16. Bd2 h6 17. Bb3 d5 18. exd5 Bxd5 19. Bxd5 Nxd5 20. Qb3 N5b6 21. Qc2 Qf6 22. Re2 Qd6 23. Rae1 Qc6 24. b3 Bd6 25. cxb4 cxb4 26. Qxc6 Rxc6 27. Nd4 Rcc8 28. Nb5 Bf8 29. d4 f6 30. Nf5 Red8 31. dxe5 Nxe5 32. Be3 Nd5 33. Bd4 Nd3 34. Rf1 Bc5 35. Bxc5 Nxc5 36. Rd2 Nc3 37. Nbd6 Ra8 38. Ne7+ Kh7 39. Nc6 Nxb3 40. Rd3 Rd7 41. Re1 Nc5 42. Rd4 Ra6 43. Nf5 Rxc6 44. Rxd7 Nxd7 45. Re7 b3 46. Rxg7+ Kh8 47. Rxd7 b2 48. Rd8+ Kh7 49. Rd7+ Kg6 50. Ne7+ Kh5 51. Rb7 Rc7 52. Rxc7 b1=Q+ 53. Kh2 Qb4 54. Nf5 Ne2 55. g3 Qb6 56. Ng7+ Kg4 57. Kg2 Nf4+ 58. gxf4 Qxc7 59. f3+ Kxh4 0-1

[Event "4NCL Div 1 2024-25"]
[Site "England"]
[Date "2025.02.16"]
[Round "6.4"]
[White "Fodor, Tamas Jr."]
[Black "Wadsworth, Matthew J"]
[Result "1-0"]
[Annotator "ChessBase"]
[ECO "E51"]
[WhiteElo "2509"]
[BlackElo "2461"]
[PlyCount "87"]
[EventDate "2024.11.23"]
[EventType "team-tourn"]
[EventCountry "ENG"]
[SourceTitle "playchess.com"]
[Source "ChessBase"]
[SourceQuality "1"]
[TimeControl "40/6000+30:3000+30"]

1. d4 Nf6 2. c4 e6 3. Nc3 Bb4 4. e3 O-O 5. Bd2 b6 6. Nf3 d5 7. cxd5 exd5 8. Bd3 c5 9. h3 Ba6 10. Bxa6 Nxa6 11. O-O c4 12. Ne5 Qe8 13. Ng4 Nxg4 14. hxg4 Nc7 15. f3 b5 16. Qc2 Qe7 17. Rae1 Bd6 18. f4 b4 19. Ne2 g6 20. g5 h6 21. gxh6 Ne8 22. e4 dxe4 23. f5 Qh4 24. Bf4 g5 25. Be5 Rc8 26. f6 Bxe5 27. dxe5 Rc5 28. Nd4 Rxe5 29. Nc6 Re6 30. Ne7+ Kh7 31. Nf5 Qg4 32. Re3 Re5 33. Rg3 Qh5 34. Qd2 g4 35. Ne3 Rg8 36. Rf4 Reg5 37. Qxb4 R5g6 38. Qe7 Rxh6 39. Rf5 Qh1+ 40. Kf2 Kh8 41. Nxg4 Rh7 42. Rg5 Rxg5 43. Qxe8+ Rg8 44. Qxg8+ 1-0

[Event "4NCL Div 1 2024-25"]
[Site "England"]
[Date "2025.02.16"]
[Round "6.4"]
[White "Chow, Samuel"]
[Black "Jaracz, Pawel"]
[Result "1/2-1/2"]
[Annotator "ChessBase"]
[ECO "E15"]
[WhiteElo "2348"]
[BlackElo "2473"]
[PlyCount "46"]
[EventDate "2024.11.23"]
[EventType "team-tourn"]
[EventCountry "ENG"]
[SourceTitle "playchess.com"]
[Source "ChessBase"]
[SourceQuality "1"]
[TimeControl "40/6000+30:3000+30"]

1. d4 Nf6 2. c4 e6 3. Nf3 b6 4. g3 Ba6 5. b3 Bb4+ 6. Bd2 Be7 7. Nc3 d5 8. cxd5 exd5 9. Bg2 O-O 10. O-O Re8 11. a3 c5 12. Bf4 Nc6 13. dxc5 d4 14. Na4 Bxc5 15. Re1 Ne4 16. Ne5 Nxe5 17. Bxe4 Rc8 18. Bxe5 Rxe5 19. Nxc5 bxc5 20. Bf3 Qf6 21. Kg2 Rce8 22. Qd2 Qe7 23. b4 Bb7 1/2-1/2

[Event "4NCL Div 1 2024-25"]
[Site "England"]
[Date "2025.02.16"]
[Round "6.5"]
[White "Grieve, Harry"]
[Black "Camacho Collados, Jose"]
[Result "1-0"]
[Annotator "ChessBase"]
[ECO "B45"]
[WhiteElo "2464"]
[BlackElo "2348"]
[PlyCount "99"]
[EventDate "2024.11.23"]
[EventType "team-tourn"]
[EventCountry "ENG"]
[SourceTitle "playchess.com"]
[Source "ChessBase"]
[SourceQuality "1"]
[TimeControl "40/6000+30:3000+30"]

1. e4 c5 2. Nf3 Nc6 3. d4 cxd4 4. Nxd4 Nf6 5. Nc3 e6 6. Nxc6 bxc6 7. e5 Nd5 8. Ne4 Bb7 9. c4 Nb4 10. Bg5 Qb8 11. Nd6+ Bxd6 12. exd6 c5 13. a3 Nc6 14. Be3 O-O 15. Bxc5 Rc8 16. b4 a5 17. b5 Ne5 18. Qd4 Rxc5 19. Qxc5 Bxg2 20. Qxe5 Bxh1 21. c5 Qb7 22. Rd1 Rc8 23. Bc4 a4 24. Kd2 Qf3 25. Qe3 Qg4 26. Rc1 Be4 27. Kc3 h6 28. Kb4 Bd5 29. f4 Bxc4 30. Rxc4 Qg2 31. Qc3 Rb8 32. c6 Qd5 33. Rc5 Qxd6 34. c7 Rc8 35. Kxa4 Qxf4+ 36. Kb3 d6 37. Rc6 Qf1 38. a4 Qb1+ 39. Ka3 d5 40. Rd6 Kh7 41. Rd8 d4 42. Rxd4 Rxc7 43. Qd3+ Qxd3+ 44. Rxd3 f5 45. b6 Rb7 46. a5 f4 47. Rb3 Rb8 48. a6 f3 49. b7 f2 50. Rf3 1-0

[Event "4NCL Div 1 2024-25"]
[Site "England"]
[Date "2025.02.16"]
[Round "6.5"]
[White "Jackson, James P"]
[Black "Pert, Max"]
[Result "0-1"]
[Annotator "ChessBase"]
[ECO "C55"]
[WhiteElo "2373"]
[BlackElo "2076"]
[PlyCount "82"]
[EventDate "2024.11.23"]
[EventType "team-tourn"]
[EventCountry "ENG"]
[SourceTitle "playchess.com"]
[Source "ChessBase"]
[SourceQuality "1"]
[TimeControl "40/6000+30:3000+30"]

1. e4 e5 2. Nf3 Nc6 3. Bc4 Nf6 4. d3 h6 5. Nc3 d6 6. a4 g5 7. Be3 Bg7 8. h4 g4 9. Nh2 Ne7 10. Nf1 c6 11. Ng3 O-O 12. Ba2 d5 13. Nce2 Qd6 14. f4 gxf3 15. gxf3 Be6 16. Qd2 Kh7 17. h5 d4 18. Bf2 Bxa2 19. Rxa2 Nd7 20. c3 c5 21. Nf5 Nxf5 22. exf5 Qd5 23. c4 Qxf3 24. Ng3 Nf6 25. Qe2 Qf4 26. Ra3 Rfe8 27. Ne4 Nxe4 28. dxe4 Qc1+ 29. Qd1 Qxc4 30. Bh4 Qb4+ 31. Kf1 Qb6 32. Qf3 Bf6 33. Rb3 Qa6+ 34. Rb5 Bxh4 35. Rxh4 Qxa4 36. Rxc5 Qa1+ 37. Kg2 Rg8+ 38. Kh3 Rg1 39. Rc2 Rag8 40. Kh2 Qe1 41. Rh3 d3 0-1

[Event "4NCL Div 1 2024-25"]
[Site "England"]
[Date "2025.02.16"]
[Round "6.6"]
[White "Eggleston, David J"]
[Black "Houska, Jovanka"]
[Result "1/2-1/2"]
[Annotator "ChessBase"]
[ECO "B12"]
[WhiteElo "2339"]
[BlackElo "2344"]
[PlyCount "38"]
[EventDate "2024.11.23"]
[EventType "team-tourn"]
[EventCountry "ENG"]
[SourceTitle "playchess.com"]
[Source "ChessBase"]
[SourceQuality "1"]
[TimeControl "40/6000+30:3000+30"]

1. e4 c6 2. d4 d5 3. e5 Bf5 4. h4 a6 5. g4 Bd7 6. c3 e6 7. h5 c5 8. Nf3 Nc6 9. Na3 cxd4 10. cxd4 Bb4+ 11. Bd2 Qb6 12. Bxb4 Qxb4+ 13. Qd2 f6 14. Qxb4 Nxb4 15. h6 gxh6 16. exf6 Nxf6 17. Ne5 Nc6 18. Nxc6 Bxc6 19. f3 O-O 1/2-1/2

[Event "4NCL Div 1 2024-25"]
[Site "England"]
[Date "2025.02.16"]
[Round "6.6"]
[White "Li, Harry"]
[Black "Cyborowski, Lukasz"]
[Result "1/2-1/2"]
[Annotator "ChessBase"]
[ECO "B38"]
[WhiteElo "2203"]
[BlackElo "2454"]
[PlyCount "61"]
[EventDate "2024.11.23"]
[EventType "team-tourn"]
[EventCountry "ENG"]
[SourceTitle "playchess.com"]
[Source "ChessBase"]
[SourceQuality "1"]
[TimeControl "40/6000+30:3000+30"]

1. e4 c5 2. Nf3 Nc6 3. d4 cxd4 4. Nxd4 g6 5. c4 Nf6 6. Nc3 d6 7. Be2 Nxd4 8. Qxd4 Bg7 9. O-O O-O 10. Qd3 a5 11. Be3 Bd7 12. b3 Bc6 13. f3 Nd7 14. Qd2 Nc5 15. Rac1 Be5 16. Rc2 e6 17. Rd1 Qh4 18. g3 Qe7 19. Bf1 Rad8 20. Bg2 Rfe8 21. Ne2 b6 22. Nd4 Bb7 23. b4 axb4 24. Qxb4 Ra8 25. Nb5 Red8 26. Rcd2 d5 27. f4 Bg7 28. e5 dxc4 29. Bxb7 Rxd2 30. Rxd2 Qxb7 31. Qxc4 1/2-1/2

[Event "4NCL Div 1 2024-25"]
[Site "England"]
[Date "2025.02.16"]
[Round "6.7"]
[White "Zhou, Yang-Fan"]
[Black "Arkell, Keith C"]
[Result "1-0"]
[Annotator "ChessBase"]
[ECO "C02"]
[WhiteElo "2418"]
[BlackElo "2359"]
[PlyCount "95"]
[EventDate "2024.11.23"]
[EventType "team-tourn"]
[EventCountry "ENG"]
[SourceTitle "playchess.com"]
[Source "ChessBase"]
[SourceQuality "1"]
[TimeControl "40/6000+30:3000+30"]

1. e4 e6 2. d4 d5 3. e5 c5 4. c3 Nc6 5. Nf3 Nge7 6. Na3 cxd4 7. cxd4 Nf5 8. Nc2 Bd7 9. Bd3 Nb4 10. Nxb4 Bxb4+ 11. Bd2 Qa5 12. Rc1 O-O 13. a3 Bxd2+ 14. Qxd2 Qxd2+ 15. Kxd2 Rfc8 16. Bxf5 exf5 17. Rc5 Be6 18. Rhc1 h6 19. Rc7 Rab8 20. Ne1 g5 21. f4 Kh7 22. R1c5 b6 23. R5c6 Kg6 24. Nd3 Kh5 25. b4 Kg4 26. b5 Rxc7 27. Rxc7 Ra8 28. a4 gxf4 29. Ke2 Rc8 30. Rxc8 Bxc8 31. Nb4 Bb7 32. Nc6 a6 33. Nd8 Bc8 34. Nxf7 axb5 35. axb5 Bd7 36. Kf2 f3 37. gxf3+ Kh5 38. Kg3 Kg6 39. Nd6 Kg5 40. Nf7+ Kg6 41. Nd6 Kg5 42. h4+ Kg6 43. Kf4 h5 44. e6 Bxe6 45. Ke5 Bd7 46. f4 Kg7 47. Nxf5+ Kf7 48. Nd6+ 1-0

[Event "4NCL Div 1 2024-25"]
[Site "England"]
[Date "2025.02.16"]
[Round "6.7"]
[White "Galyas, Miklos"]
[Black "Carroll, Thomas"]
[Result "1-0"]
[Annotator "ChessBase"]
[ECO "D11"]
[WhiteElo "2374"]
[BlackElo "2126"]
[PlyCount "105"]
[EventDate "2024.11.23"]
[EventType "team-tourn"]
[EventCountry "ENG"]
[SourceTitle "playchess.com"]
[Source "ChessBase"]
[SourceQuality "1"]
[TimeControl "40/6000+30:3000+30"]

1. Nf3 d5 2. g3 Nf6 3. Bg2 c6 4. O-O Bg4 5. d4 Nbd7 6. c4 e6 7. h3 Bh5 8. cxd5 exd5 9. Qb3 Qc8 10. Bf4 Be7 11. Nc3 O-O 12. Rac1 Bxf3 13. Bxf3 Nb6 14. Bg2 Qd7 15. Rcd1 Rfe8 16. Be5 Qf5 17. Rfe1 Bf8 18. a4 Nfd7 19. Bf4 Qe6 20. a5 Nc4 21. Qxb7 Nxa5 22. Qa6 Nc4 23. e4 Rad8 24. exd5 Qxe1+ 25. Rxe1 Rxe1+ 26. Kh2 cxd5 27. Nxd5 Ncb6 28. Qxa7 Nc8 29. Qa5 Rde8 30. Qb5 Nf6 31. Nxf6+ gxf6 32. Qf5 Ne7 33. Qg4+ Bg7 34. Qd7 Ng6 35. Be3 Re7 36. Qd8+ Bf8 37. h4 h5 38. Qa5 R1xe3 39. fxe3 Rxe3 40. Qd5 Kg7 41. Bf3 Ne7 42. Qxh5 Rb3 43. Qg4+ Kh8 44. Be4 Rxb2+ 45. Kh3 f5 46. Bxf5 Nxf5 47. Qxf5 Kg8 48. d5 Rb6 49. h5 Bh6 50. g4 Bf8 51. g5 Kg7 52. h6+ Kg8 53. Qc8 1-0

[Event "4NCL Div 1 2024-25"]
[Site "England"]
[Date "2025.02.16"]
[Round "6.8"]
[White "Arnott, Jonathan W"]
[Black "Terbe, Julianna"]
[Result "1-0"]
[Annotator "ChessBase"]
[ECO "B30"]
[WhiteElo "2081"]
[BlackElo "2225"]
[PlyCount "97"]
[EventDate "2024.11.23"]
[EventType "team-tourn"]
[EventCountry "ENG"]
[SourceTitle "playchess.com"]
[Source "ChessBase"]
[SourceQuality "1"]
[TimeControl "40/6000+30:3000+30"]

1. e4 c5 2. Nf3 Nc6 3. Nc3 e5 4. Bc4 d6 5. d3 Be7 6. Nd2 Nf6 7. Nf1 Bg4 8. Qd2 a6 9. Ne3 Be6 10. a4 Nb4 11. Ncd5 Nbxd5 12. Bxd5 Nxd5 13. Nxd5 Bxd5 14. exd5 b5 15. O-O O-O 16. b3 b4 17. Qe2 Bg5 18. Qg4 Bxc1 19. Raxc1 f5 20. Qc4 g5 21. Rce1 Ra7 22. Re2 a5 23. f3 Rg7 24. g3 h5 25. Rff2 Rf6 26. Kf1 f4 27. gxf4 Rxf4 28. Re4 Rgf7 29. Rxf4 Rxf4 30. Qa6 Kg7 31. Ke2 Kg6 32. Qc6 Qf8 33. h3 Qd8 34. Rf1 Kh6 35. Qb7 Qg8 36. Qc6 Rf6 37. Qc7 Qxd5 38. Qxa5 g4 39. hxg4 hxg4 40. Qd8 gxf3+ 41. Kd2 Rf4 42. Qh8+ Kg5 43. Rg1+ Kf5 44. Qh7+ Ke6 45. Qg8+ Rf7 46. Rg7 Ke7 47. Rxf7+ Qxf7 48. Qxf7+ Kxf7 49. a5 1-0

[Event "4NCL Div 1 2024-25"]
[Site "England"]
[Date "2025.02.16"]
[Round "6.8"]
[White "Pert, Nina"]
[Black "Haydon, David L"]
[Result "0-1"]
[Annotator "ChessBase"]
[ECO "C54"]
[WhiteElo "1984"]
[BlackElo "2294"]
[PlyCount "76"]
[EventDate "2024.11.23"]
[EventType "team-tourn"]
[EventCountry "ENG"]
[SourceTitle "playchess.com"]
[Source "ChessBase"]
[SourceQuality "1"]
[TimeControl "40/6000+30:3000+30"]

1. e4 e5 2. Nf3 Nc6 3. Bc4 Bc5 4. c3 Nf6 5. d4 exd4 6. cxd4 Bb4+ 7. Nbd2 Bxd2+ 8. Bxd2 Nxe4 9. d5 Ne7 10. Qe2 Nxd2 11. Qxd2 d6 12. O-O-O O-O 13. h4 Ng6 14. Rde1 Qf6 15. h5 Ne5 16. Nxe5 dxe5 17. h6 g6 18. Qe3 Re8 19. Re2 Bd7 20. g3 c6 21. Kb1 Bg4 22. Rd2 Bf3 23. Re1 Rad8 24. d6 a6 25. Qc3 g5 26. Qe3 Bh5 27. f4 Bg6+ 28. Kc1 Qf5 29. Bd3 gxf4 30. gxf4 Qxf4 31. d7 Re6 32. Bxg6 hxg6 33. h7+ Kxh7 34. Rh1+ Kg7 35. Qh3 Rd6 36. Qh7+ Kf6 37. Rhh2 Rxd2 38. Rxd2 Rxd7 0-1

[Event "4NCL Div 1 2024-25"]
[Site "England"]
[Date "2025.02.16"]
[Round "6.9"]
[White "Makkar, Rajat"]
[Black "Bazakutsa, Svyatoslav"]
[Result "1/2-1/2"]
[Annotator "ChessBase"]
[ECO "E68"]
[WhiteElo "2432"]
[BlackElo "2486"]
[PlyCount "212"]
[EventDate "2024.11.23"]
[EventType "team-tourn"]
[EventCountry "ENG"]
[SourceTitle "playchess.com"]
[Source "ChessBase"]
[SourceQuality "1"]
[TimeControl "40/6000+30:3000+30"]

1. d4 Nf6 2. c4 g6 3. g3 Bg7 4. Bg2 O-O 5. Nc3 d6 6. Nf3 Nbd7 7. O-O e5 8. e4 Re8 9. h3 exd4 10. Nxd4 Nc5 11. Re1 Bd7 12. Rb1 h6 13. b3 a5 14. Ndb5 Bxb5 15. cxb5 h5 16. h4 Ng4 17. Nd5 c6 18. bxc6 bxc6 19. Nf4 Qb6 20. Nh3 d5 21. exd5 Rxe1+ 22. Qxe1 Nd3 23. Qe2 Ndxf2 24. Nxf2 Bd4 25. Bf4 Nxf2 26. dxc6 Nd3+ 27. Kh2 Nxf4 28. gxf4 Bf2 29. Rd1 Be3 30. Qc4 Ra7 31. Qe4 Kh7 32. Rd5 f5 33. Qc4 Qb4 34. Qxb4 axb4 35. Kg3 Kh6 36. Rb5 Rxa2 37. Bd5 Rc2 38. Bc4 Rc3 39. Rb7 Bd2+ 40. Kg2 Bxf4 41. c7 Rg3+ 42. Kf2 Bxc7 43. Rxc7 Rh3 44. Rb7 Rxh4 45. Rxb4 Rf4+ 46. Ke3 g5 47. Rb8 Re4+ 48. Kd3 g4 49. b4 g3 50. Bd5 g2 51. Rh8+ Kg7 52. Rg8+ Kh7 53. Rxg2 Rxb4 54. Rg5 Rg4 55. Rxf5 Kh6 56. Ke3 Rg5 57. Rf6+ Kg7 58. Rf7+ Kg6 59. Rd7 Kf6 60. Be4 Ke5 61. Bf3 Kf6 62. Kf4 Rf5+ 63. Kg3 Ke5 64. Rh7 Rg5+ 65. Kf2 Kf4 66. Bxh5 Rf5 67. Bf3 Rc5 68. Rh4+ Ke5 69. Be4 Rc3 70. Ke2 Kd6 71. Bd3 Kd5 72. Ke3 Rc5 73. Be4+ Ke5 74. Rh5+ Kd6 75. Rh8 Rc1 76. Kd4 Rd1+ 77. Bd3 Rd2 78. Rh6+ Kd7 79. Ke4 Kc7 80. Bc4 Rd6 81. Rh5 Kc6 82. Bd5+ Kc5 83. Rh8 Rg6 84. Rc8+ Kb4 85. Kd4 Rg4+ 86. Be4 Rh4 87. Rb8+ Ka4 88. Kd5 Ka3 89. Bd3 Rb4 90. Rc8 Kb3 91. Bc4+ Kc3 92. Rc7 Rb8 93. Bb5+ Kd2 94. Kc5 Ke3 95. Re7+ Kf4 96. Bc4 Rb2 97. Kd4 Rb4 98. Rf7+ Kg4 99. Kd3 Kg5 100. Rf8 Ra4 101. Bd5 Rf4 102. Rg8+ Kf6 103. Be4 Ke5 104. Re8+ Kd6 105. Ra8 Rf1 106. Kd4 Rd1+ 1/2-1/2

[Event "4NCL Div 1 2024-25"]
[Site "England"]
[Date "2025.02.16"]
[Round "6.10"]
[White "Willow, Jonah B"]
[Black "O`Gorman, Tom"]
[Result "1/2-1/2"]
[Annotator "ChessBase"]
[ECO "C67"]
[WhiteElo "2454"]
[BlackElo "2380"]
[PlyCount "87"]
[EventDate "2024.11.23"]
[EventType "team-tourn"]
[EventCountry "ENG"]
[SourceTitle "playchess.com"]
[Source "ChessBase"]
[SourceQuality "1"]
[TimeControl "40/6000+30:3000+30"]

1. e4 e5 2. Nf3 Nc6 3. Bb5 Nf6 4. O-O Nxe4 5. Re1 Nd6 6. Nxe5 Nxe5 7. Rxe5+ Be7 8. Bf1 O-O 9. d4 Bf6 10. Re1 Nf5 11. c3 d5 12. a4 c6 13. Na3 Bg5 14. Nc2 Bxc1 15. Qxc1 a5 16. Bd3 g6 17. Qf4 Qd6 18. Re5 Ng7 19. Qd2 Bf5 20. Bxf5 Nxf5 21. Rae1 Qd7 22. Qe2 Rad8 23. h3 Qc8 24. Ne3 Nxe3 25. Qxe3 Kg7 26. h4 h5 27. f3 Rd7 28. g3 Qd8 29. Kg2 Qf6 30. f4 Kh7 31. f5 Rg8 32. Qe2 Kh6 33. fxg6 fxg6 34. Rf1 Qg7 35. g4 hxg4 36. Qxg4 Kh7 37. Qe6 Rc7 38. Qd6 Rd7 39. Qe6 Rc7 40. Qg4 Rf7 41. h5 Rxf1 42. Kxf1 Qf6+ 43. Ke2 g5 44. Kd1 1/2-1/2

[Event "4NCL Div 1 2024-25"]
[Site "England"]
[Date "2025.02.16"]
[Round "6.11"]
[White "Roberson, Peter T"]
[Black "Czopor, Maciej"]
[Result "1/2-1/2"]
[Annotator "ChessBase"]
[ECO "B30"]
[WhiteElo "2432"]
[BlackElo "2383"]
[PlyCount "56"]
[EventDate "2024.11.23"]
[EventType "team-tourn"]
[EventCountry "ENG"]
[SourceTitle "playchess.com"]
[Source "ChessBase"]
[SourceQuality "1"]
[TimeControl "40/6000+30:3000+30"]

1. e4 c5 2. Nf3 Nc6 3. Bb5 e6 4. Bxc6 bxc6 5. b3 f6 6. O-O Nh6 7. d4 Nf7 8. c4 cxd4 9. Nxd4 e5 10. Ne2 Bc5 11. Nbc3 O-O 12. Qd3 Re8 13. Na4 Bf8 14. c5 Qa5 15. Qc3 Qb5 16. Ng3 d5 17. cxd6 Bxd6 18. Be3 Bb4 19. Qc2 Be6 20. Rfd1 g6 21. Bc5 Ba5 22. Rac1 Kg7 23. Be3 Red8 24. Nf1 Rxd1 25. Rxd1 Bb6 26. Rc1 Rc8 27. Bc5 Nd8 28. h3 Bf7 1/2-1/2

[Event "4NCL Div 1 2024-25"]
[Site "England"]
[Date "2025.02.16"]
[Round "6.12"]
[White "Golding, Alex"]
[Black "Onslow, Alfie"]
[Result "1-0"]
[Annotator "ChessBase"]
[ECO "D04"]
[WhiteElo "2404"]
[BlackElo "2170"]
[PlyCount "79"]
[EventDate "2024.11.23"]
[EventType "team-tourn"]
[EventCountry "ENG"]
[SourceTitle "playchess.com"]
[Source "ChessBase"]
[SourceQuality "1"]
[TimeControl "40/6000+30:3000+30"]

1. Nf3 d5 2. d4 Nf6 3. e3 c5 4. Nbd2 cxd4 5. exd4 Nc6 6. Bb5 Qb6 7. c4 Bd7 8. O-O e6 9. a4 Bb4 10. c5 Qc7 11. Nb3 a5 12. Ne1 Bxe1 13. Rxe1 O-O 14. g3 b6 15. Bf4 Qa7 16. cxb6 Qxb6 17. Nc5 Rfc8 18. Bg5 Be8 19. Bxf6 gxf6 20. Qg4+ Kh8 21. Qh4 Qd8 22. Qh6 Kg8 23. Bxc6 Rxc6 24. Nd3 f5 25. Rec1 Rac8 26. Rxc6 Rxc6 27. b3 f6 28. Rc1 Rb6 29. Rc3 Bf7 30. Qc1 Kg7 31. Rc8 Qd6 32. Qc3 Qa3 33. Nc5 Qb4 34. Qe3 Qa3 35. Kg2 Qa2 36. Rc7 Kg6 37. Nd7 Qxb3 38. Nf8+ Kg7 39. Nxe6+ Kg6 40. Nf4+ 1-0

[Event "4NCL Div 1 2024-25"]
[Site "England"]
[Date "2025.02.16"]
[Round "6.13"]
[White "Price, Gwilym"]
[Black "Derakhshani, Borna"]
[Result "1/2-1/2"]
[Annotator "ChessBase"]
[ECO "B20"]
[WhiteElo "2223"]
[BlackElo "2355"]
[PlyCount "92"]
[EventDate "2024.11.23"]
[EventType "team-tourn"]
[EventCountry "ENG"]
[SourceTitle "playchess.com"]
[Source "ChessBase"]
[SourceQuality "1"]
[TimeControl "40/6000+30:3000+30"]

1. e4 c5 2. b3 d6 3. Bb2 Nf6 4. Bb5+ Nbd7 5. Qe2 a6 6. Bxd7+ Qxd7 7. d3 e6 8. f4 Be7 9. Nd2 b5 10. g4 h6 11. Ngf3 Bb7 12. Rg1 Qc7 13. c4 Rg8 14. O-O-O O-O-O 15. Kb1 Nd7 16. g5 Nb8 17. g6 f6 18. d4 Bc6 19. d5 exd5 20. exd5 Bd7 21. Qd3 f5 22. Nf1 Rdf8 23. Ng3 bxc4 24. bxc4 Bd8 25. Rde1 Kb7 26. Ka1 Ka7 27. Nh5 Bc8 28. Re3 a5 29. Bc3 Qd7 30. Qc2 Ba6 31. Bb2 Bc8 32. a3 Na6 33. Bc3 a4 34. h3 Nc7 35. Rb1 Na8 36. Rb5 Nb6 37. Ba5 Ba6 38. Bxb6+ Bxb6 39. Qxa4 Re8 40. Reb3 Re4 41. Nd2 Re1+ 42. Ka2 Rb8 43. Nb1 Re2+ 44. Ka1 Re1 45. Ka2 Re2+ 46. Ka1 Re1 1/2-1/2